 Dungeon Crawl Stone Soup version 0.32-a0-20-ge526923d97 (webtiles) character file.

Game seed: 15287204003505411680

1354 Newt the Changeling (level 8, 0/54 HPs)
             Began as an Octopode Shapeshifter on Jan 17, 2024.
             Shot with an arrow by a centaur (11 damage)
             ... on level 6 of the Dungeon.
             The game lasted 00:05:44 (5017 turns).

Newt the Changeling (Octopode Shapeshifter)         Turns: 5017, Time: 00:05:45

Health: 0/54       AC:  1    Str: 25    XL:     8   Next: 63%
Magic:  0/8        EV: 14    Int: 18    God:
Gold:   249        SH:  0    Dex: 13    Spells: 7/7 levels left

rFire   . .          .
                       - Unarmed
rCold   + + .        (no shield)
rNeg    . . .        (helmet currently unavailable)
rPois   +            o - amulet of guardian spirit
rElec   .            m - +6 ring of strength
rCorr   .            q - ring of Pack {rC+ Str+3 Int+6 Dex+2}
SInv    .            r - ring of poison resistance
Will    .....        u - ring of protection from cold
Stlth   ++           (no ring)
HPRegen 0.29/turn    (no ring)
MPRegen 0.11/turn    (no ring)
                     (no ring)

%: guardian spirit
@: beast-form
A: beast (slay +4), almost no armour, amphibious, 8 rings, camouflage 1,
gelatinous body 1, (nimble swimmer 1), tentacles
a: Begin Untransformation


You were on level 6 of the Dungeon.
You were a hulking beast.
You visited 1 branch of the dungeon, and saw 6 of its levels.

You collected 291 gold pieces.
You spent 42 gold pieces at shops.

Inventory:

Armour
 h - a +2 hat
Jewellery
 m - a +6 ring of strength (left tentacle)
 o - an amulet of guardian spirit (around mantle)
 q - the ring of Pack (right tentacle) {rC+ Str+3 Int+6 Dex+2}
   (You acquired it on level 5 of the Dungeon)

   [ring of intelligence]

   Str+3:     It affects your strength (+3).
   Int+6:     It affects your intelligence (+6).
   Dex+2:     It affects your dexterity (+2).
   rC+:       It protects you from cold.
 r - a ring of poison resistance (on tentacle)
 u - a ring of protection from cold (on tentacle)
Talismans
 b - a beast talisman (active)
 c - a flux talisman
 t - a serpent talisman
Scrolls
 e - 2 scrolls of enchant armour
 p - a scroll of poison
 s - 2 scrolls of fear
Potions
 a - 2 potions of lignification
 d - a potion of resistance
 f - a potion of might
 g - a potion of degeneration
 i - 2 potions of curing
 j - 2 potions of heal wounds
 k - a potion of attraction
 l - 2 potions of mutation
 n - a potion of haste


   Skills:
 - Level 4.0 Fighting
 - Level 4.0 Dodging
 + Level 6.2 Unarmed Combat
 - Level 7.0 Shapeshifting


You had 7 spell levels left.
You didn't know any spells.
Your spell library contained the following spells:

 Spells                   Type           Power      Damage    Failure   Level
 Slow                     Hex            0%         N/A       22%         1
 Blink                    Tloc           0%         N/A       32%         2
 Lesser Beckoning         Tloc           0%         N/A       32%         2
 Momentum Strike          Conj/Tloc      0%         3d8       32%         2
 Scorch                   Fire           0%         2d5       32%         2
 Call Canine Familiar     Summ           0%         N/A       54%         3
 Confusing Touch          Hex            0%         N/A       54%         3
 Sigil of Binding         Hex            0%         N/A       54%         3
 Vampiric Draining        Necr           0%         2d6       54%         3
 Dimensional Bullseye     Hex/Tloc       0%         N/A       91%         4
 Flame Wave               Conj/Fire      0%         2d4       91%         4
 Summon Lightning Spire   Summ/Air       0%         N/A       91%         4
 Lee's Rapid Deconstruct  Erth           0%         3d4*      99%         5
 Summon Cactus Giant      Summ           0%         N/A       100%        6
 Animate Armour           Summ/Erth      Unusable   N/A       N/A         4

Dungeon Overview and Level Annotations

Branches:
Dungeon (6/15)
 Temple: D:4-7

Altars:
Cheibriados

Shops:
D:2 *   D:5 *

Annotations:
D:3 1 runed translucent door, Crazy Yiuf
D:4 2 transporters, Consumeair16's ghost, amateur GnMo


Innate Abilities, Weirdness & Mutations

You are a hulking beast.
Your limbs bulge with bestial killing power. (Slay +4)
You cannot wear most types of armour.
You are amphibious.
You can wear up to eight rings at the same time.
Your skin changes colour to match your surroundings (Stealth+).
Your rubbery body absorbs attacks. (AC +1, EV +1)
((You are camouflaged when in or above water. (Stealth+)))
You have tentacles for arms and can constrict up to eight enemies at once.


Message History

Okay, then.
HP restored.
Magic restored.
You see here a +0 short sword.
A water moccasin comes into view.
A water moccasin is nearby!
A centaur comes into view.
The water moccasin hisses angrily.
The water moccasin closely misses you. The water moccasin bites you!
You bludgeon the water moccasin! Your grab misses the water moccasin.
Your squeeze misses the water moccasin.
The water moccasin is moderately wounded.
The water moccasin bites you.
You tentacle-slap the water moccasin but do no damage.
Your grab misses the water moccasin.
The water moccasin is moderately wounded.
The centaur shouts!
The water moccasin closely misses you.
The centaur wields a +0 orcbow.
The centaur shoots an arrow.
The arrow barely misses you.
The centaur shoots an arrow.
The arrow closely misses you. The water moccasin bites you.
A gnoll comes into view. It is wielding a +0 whip.
A gnoll comes into view. It is wielding a +0 spear.
The centaur shoots an arrow.
The arrow hits you!
The water moccasin attacks as it pursues you!
The water moccasin misses you.
You bludgeon the water moccasin! Your grab misses the water moccasin.
Your squeeze misses the water moccasin.
The water moccasin is severely wounded.
The water moccasin misses you.
You tentacle-slap the water moccasin. Your grab misses the water moccasin.
The water moccasin is almost dead.
The water moccasin barely misses you. The water moccasin bites you!
You completely miss the water moccasin. Your grab misses the water moccasin.
You squeeze the water moccasin.
You kill the water moccasin!
The centaur shoots an arrow.
The arrow hits you!
* * * LOW HITPOINT WARNING * * *
The centaur shoots an arrow.
The arrow hits you!
You die...

#..# #.#.# #..#
#.#.# ######..#
#.#.#
#.......####.#.###
#.##.#...........<
#.##.#.#####.##...
#.##)#.(...#.##...
#.##.# #..........
#h##.#.....#.#####
+######.##.#(....#.#
........##.#######.#
gc...c..+#.......†.#
.g......############
......... ..........
...........
........####


You could see a centaur.

Vanquished Creatures
  Sigmund (D:2)
  2 water moccasins (D:6)
  Pargi (D:3)
  An ogre (D:4)
  A centaur (D:5)
  A phantom (D:5)
  3 scorpions
  6 bombardier beetles
  An orc priest (D:5)
  A jelly (D:4)
  2 iguanas (D:5)
  Natasha (D:2)
  2 orc wizards (D:3)
  Robin (D:3)
  4 gnolls (D:5)
  5 adders
  12 orcs
  3 bats
  9 endoplasms
  6 giant cockroaches
  10 goblins
  10 hobgoblins
  5 jackals
  3 quokkas
  6 ball pythons
  4 frilled lizards (D:1)
  7 kobolds
  23 rats
131 creatures vanquished.

Notes
Turn   | Place    | Note
-------+----------+-------------------------------------------
     0 | D:1      | Newt the Octopode Shapeshifter began the quest for the Orb.
     0 | D:1      | Reached XP level 1. HP: 13/13 MP: 1/1
   156 | D:1      | Reached XP level 2. HP: 19/19 MP: 2/2
   688 | D:1      | Reached XP level 3. HP: 24/24 MP: 3/3
   933 | D:2      | Found Hyvatsall's Assorted Antiques.
   943 | D:2      | Bought 2 scrolls labelled MOENEA XEMP for 42 gold pieces
  1107 | D:2      | Noticed Natasha
  1113 | D:2      | Killed Natasha
  1114 | D:2      | Reached skill level 4 in Shapeshifting
  1114 | D:2      | Reached XP level 4. HP: 23/29 MP: 4/4
  1243 | D:2      | Noticed Sigmund
  1252 | D:2      | Killed Sigmund
  1253 | D:2      | Reached skill level 5 in Shapeshifting
  1253 | D:2      | Reached XP level 5. HP: 19/34 MP: 2/5
  1389 | D:2      | Reached skill level 6 in Shapeshifting
  1389 | D:2      | Reached XP level 6. HP: 39/39 MP: 6/6
  1472 | D:3      | Found a faded altar of an unknown god.
  1574 | D:3      | Noticed Robin
  1588 | D:3      | Killed Robin
  2116 | D:3      | Noticed Pargi
  2130 | D:3      | Killed Pargi
  2131 | D:3      | Reached skill level 7 in Shapeshifting
  2131 | D:3      | Reached XP level 7. HP: 14/45 MP: 2/7
  2303 | D:3      | Found a runed translucent door.
  2304 | D:3      | Noticed Crazy Yiuf
  2740 | D:4      | Found a transporter.
  2742 | D:4      | Noticed Consumeair16's ghost (amateur GnMo)
  2847 | D:4      | Reached skill level 5 in Unarmed Combat
  3029 | D:4      | Found a transporter.
  3384 | D:4      | Reached XP level 8. HP: 19/50 MP: 4/8
  3664 | D:5      | Entered Level 5 of the Dungeon
  3813 | D:5      | Identified a scroll of acquirement
  3813 | D:5      | Acquired the ring of Pack {rC+ Str+3 Int+6 Dex+2}
  3915 | D:5      | Found Viacargh's General Store.
  4044 | D:5      | Found a snail-covered altar of Cheibriados.
  5017 | D:6      | Shot with an arrow by a centaur

Illustrated notes

Levels and vault maps discovered:
D:1:      dpeg_arrival_erosion, layout_basic
D:2:      layout_rooms, serial_shops, nicolae_shop_overgrown_old_shop,
          kennysheep_minor_cross, uniq_sigmund, uniq_natasha
D:3:      layout_basic, dreamdust_ecumenical_altar_angels_and_demons,
          dk_vineyard_1, uniq_pargi, uniq_robin, uniq_crazy_yiuf_cottage
D:4:      layout_loops_cross, gammafunk_ghost_mausoleum,
          chequers_serial_rivers_large_b, minmay_rat_hole
D:5:      layout_loops_corners, slow_altar_1, serial_shops, nicolae_shop_trees,
          minmay_liquid_box
D:6:      layout_basic

Skill      XL: |  1  2  3  4  5  6  7  8 |
---------------+-------------------------+-----
Fighting       | 2 4 |  4.0
Shapeshifting  | 4 5 6 7 |  7.0
Unarmed Combat | 5 6 |  6.2
Dodging        | 3 4 |  4.0

Action                     |  1- 3 |  4- 6 |  7- 9 || total
---------------------------+-------+-------+-------++-------
  Melee: Unarmed           |    45 |    85 |   120 ||   250
         Constrict         |    10 |    21 |    30 ||    61
         Tentacles         |    10 |    19 |    25 ||    54
         Punch             |       |     6 |     4 ||    10
    Use: Scroll            |    11 |     5 |     3 ||    19
         Potion            |       |       |     1 ||     1
   Stab: Sleeping          |     6 |     3 |     6 ||    15
         Distracted        |       |     1 |       ||     1
 Armour: Skin              |    17 |    32 |    53 ||   102
  Dodge: Dodged            |    22 |    54 |    66 ||   142
   Form: Beast             |     1 |       |       ||     1

Table legend: (Time is in decaauts)
 A = Elapsed time spent in this place.
 B = Non-inter-level travel time spent in this place.
 C = Inter-level travel time spent in this place.
 D = Time resting spent in this place.
 E = Time spent auto-exploring this place.
 F = Levels seen in this place.
 G = Mean time per level.
                   A        B        C        D        E       F      G
               +--------+--------+--------+--------+--------+-----+--------+
         Total |   4999 |   4815 |    184 |    873 |   3242 |   6 |  833.2 |
       Dungeon |   4999 |   4815 |    184 |    873 |   3242 |   6 |  833.2 |
               +--------+--------+--------+--------+--------+-----+--------+

Top non-repeatable levels by time:
     D:5: 1167 daAuts
     D:3: 1136 daAuts
     D:4: 1131 daAuts
     D:1: 707 daAuts
     D:2: 675 daAuts
     D:6: 179 daAuts
